 Dungeon Crawl Stone Soup version 0.20.0-1-g1cb1d84 (webtiles) character file.

23 straycat the Sneak (level 2, -2/21 HPs)
             Began as a Vampire Wanderer on May 26, 2017.
             Slain by a hobgoblin
             ... wielding a +0 club
              (6 damage)
             ... on level 1 of the Dungeon.
             The game lasted 00:09:50 (1128 turns).

straycat the Sneak (Vampire Wanderer)               Turns: 1128, Time: 00:09:50

Health: -2/21      AC:  3    Str: 13    XL:     2   Next: 72%
Magic:  3/4        EV: 11    Int: 14    God:
Gold:   2          SH:  0    Dex: 11    Spells: 2/4 levels left

rFire    . . .     SeeInvis +     - Unarmed
rCold    + . .     Gourm    .   (no shield)
rNeg     + + .     Faith    .   c - +1 robe
rPois    +         Spirit   .   (no helmet)
rElec    .         Reflect  .   (no cloak)
rCorr    .         Harm     .   (no gloves)
MR       .....                  (no boots)
Stlth    ++++......             (no amulet)
Regen    0.1/turn               (no ring)
MPRegen  0.1/turn               (no ring)

@: regenerating slowly
A: fangs 3, see invisible, unbreathing
a: no special abilities


You were on level 1 of the Dungeon.
You were thirsty.

You visited 1 branch of the dungeon, and saw 1 of its levels.

You collected 2 gold pieces.

Inventory:

Hand Weapons
 d - a +0 club
 e - a +0 dagger
 g - a cursed -2 spear
Missiles
 h - 33 arrows
 i - 39 stones (quivered)
 k - 15 bolts
Armour
 c - a +1 robe (worn)
 m - a +0 ring mail
Scrolls
 j - a scroll of magic mapping
 l - a scroll of teleportation {unknown}
 o - a scroll of amnesia {unknown}
Potions
 f - 6 potions of blood
 n - a potion of berserk rage {unknown}
Books
 a - a book of Maledictions

   Spells                             Type                      Level
   a - Corona                         Hexes                        1
   b - Ensorcelled Hibernation        Hexes/Ice                    2
   c - Confuse                        Hexes                        3
   d - Tukima's Dance                 Hexes                        3
   e - Dazzling Spray                 Conjuration/Hexes            3
 b - Udduihau's Incunabulum of Weightlessness

   Spells                             Type                      Level
   a - Shock                          Conjuration/Air              1
   b - Static Discharge               Conjuration/Air              3


   Skills:
 * Level 1.2 Fighting
 * Level 0.9 Dodging
 - Level 5.8 Stealth
 * Level 1.2 Unarmed Combat
 * Level 1.5 Spellcasting
 + Level 1.0 Conjurations
 + Level 4.4 Hexes
 + Level 0.2 Air Magic


You had 2 spell levels left.
You knew the following spells:

 Your Spells              Type           Power        Failure   Level  Hunger
a - Corona                Hex            ##.....      4%          1    ##.....
b - Shock                 Conj/Air       #...         21%         1    ##.....


Dungeon Overview and Level Annotations

Branches:
Dungeon (1/15)

Altars:


Innate Abilities, Weirdness & Mutations

You heal slowly.
You have razor-sharp teeth.
You have supernaturally acute eyesight. (SInv)
You can survive without breathing.


Message History

You bite the hobgoblin, but do no damage.
The hobgoblin is almost dead.
The hobgoblin completely misses you.
You hit the hobgoblin but do no damage.
The hobgoblin is severely wounded.
The hobgoblin hits you with a club.
You hit the hobgoblin but do no damage.
The hobgoblin is severely wounded.
The hobgoblin hits you with a club.
You barely miss the hobgoblin.
The hobgoblin is severely wounded.
The hobgoblin closely misses you.
You closely miss the hobgoblin.
The hobgoblin is severely wounded.
The hobgoblin hits you with a club.
* * * LOW HITPOINT WARNING * * *
You barely miss the hobgoblin.
The hobgoblin is severely wounded.
The hobgoblin hits you with a club.
You die...

#...........###.,.......##.
###.........#...........##.
###########....#.####.#....#..
#.......###....#.##...#....#..
#..............#.(...##....#..
#..........#.........+.....#..
#..........#......(..#.....##.
#..........#+#.......#......#.
#............@..........###.##
#.......##...g..........##...#
#.............#.#####...###...
#.............#..........##.##
#..........#########.....##.##
#######........# #......##.##
#........# #......#....
#........# #......#....
#######.....# #......#....


You could see a hobgoblin.

Vanquished Creatures
  A dart slug (D:1)
  A leopard gecko (D:1)
  3 giant cockroaches (D:1)
  A goblin (D:1)
  2 hobgoblins (D:1)
  2 jackals (D:1)
  3 bats (D:1)
  2 kobolds (D:1)
  2 rats (D:1)
17 creatures vanquished.

Notes
Turn   | Place    | Note
-------+----------+-------------------------------------------
     0 | D:1      | straycat the Vampire Wanderer began the quest for the Orb.
     0 | D:1      | straycat set off with: a book of Maledictions, Udduihau's Incunabulum of Weightlessness, a +0 robe, a +0 club, a +0 dagger, a potion of blood
     0 | D:1      | Reached XP level 1. HP: 15/15 MP: 2/2
     1 | D:1      | Identified Udduihau's Incunabulum of Weightlessness
     3 | D:1      | Learned a level 1 spell: Corona
     5 | D:1      | Learned a level 1 spell: Shock
   457 | D:1      | Reached XP level 2. HP: 21/21 MP: 0/3
   539 | D:1      | Reached skill level 1 in Unarmed Combat
  1128 | D:1      | Slain by a hobgoblin

Skill      XL: |  1  2 |
---------------+-------+-----
Unarmed Combat | 1 |  1.2
Fighting       | |  1.2
Dodging        | |  0.9
Stealth        | |  5.8
Spellcasting   | |  1.5
Conjurations   | |  1.0
Hexes          | |  4.4
Air Magic      | |  0.2

Action                   || total
-------------------------++-------
Melee: Unarmed           ||    70
       Bite              ||     3
Throw: Stone             ||     8
 Cast: Shock             ||    17
       Corona            ||    13
  Use: Scroll            ||     3
       Potion            ||     2
Armor: Robe              ||    18
Dodge: Dodged            ||    56
